 Dungeon Crawl Stone Soup version 0.18.1-6-gd335043 (webtiles) character file.

12940 Moloch the Fencer (level 11, -2/72 HPs)
             Began as a High Elf Fighter on May 19, 2016.
             Was a High Priest of Okawaru.
             Killed by divine providence
             ... invoked by a smoke demon
              (14 damage)
             ... on level 1 of the Abyss on May 20, 2016.
             The game lasted 00:34:35 (13989 turns).

Moloch the Fencer (High Elf Fighter)               Turns: 13989, Time: 00:34:36

Health: -2/72      AC: 25    Str: 29    XL:     11   Next: 69%
Magic:  11/12      EV: 11    Int: 13    God:    Okawaru [*****.]
Gold:   750        SH: 12    Dex: 14    Spells: 1 memorised, 7 levels left

rFire  . . .     SeeInvis .     a - +0 long sword
rCold  . . .     Gourm    .     v - +0 plate armour
rNeg   . . .     Faith    .     c - +0 shield
rPois  .         Spirit   .     (helmet restricted)
rElec  +         Dismiss  .     M - +2 cloak
rCorr  .         Reflect  .     h - +0 pair of gloves
SustAt .         Harm     .     (no boots)
MR     +....                    (no amulet)
Stlth  ..........               U - +6 ring of strength
                                V - ring of stealth

@: mighty, heroism, somewhat resistant to hostile enchantments, extremely
unstealthy
A: horns 1, rough black scales 1, thin metallic scales 1, electricity
resistance, no device heal 1, subdued magic 1
a: Heroism, Finesse, Renounce Religion


You were on level 1 of the Abyss.
You worshipped Okawaru.
Okawaru was extremely pleased with you.
You were not hungry.

You visited 2 branches of the dungeon, and saw 13 of its levels.
You visited the Abyss 1 time.

You collected 750 gold pieces.

Inventory:

Hand Weapons
 a - a +0 long sword (weapon)
 x - a +0 dagger of venom
Missiles
 J - 3 steel javelins
 K - 10 exploding tomahawks (quivered)
 T - 92 arrows
Armour
 c - a +0 shield (worn)
 h - a +0 pair of gloves (worn)
 v - a +0 plate armour (worn)
 M - a +2 cloak (worn)
Jewellery
 g - an uncursed amulet of dismissal
 p - an uncursed ring of flight
 I - an uncursed ring of ice
 U - a +6 ring of strength (right hand)
 V - a ring of stealth (left hand)
Wands
 e - a wand of flame (28/48)
 G - a wand of iceblast (3/15)
 L - a wand of iceblast (7/15)
 O - a wand of paralysis (4/24)
 Q - a wand of digging (14/24)
 S - a wand of disintegration (5/24)
Scrolls
 b - a scroll of vulnerability {unknown}
 k - 7 scrolls of remove curse
 l - 2 scrolls of blinking {unknown}
 m - 5 scrolls of enchant weapon {unknown}
 o - 2 scrolls of amnesia {unknown}
 q - 6 scrolls of teleportation {unknown}
 r - 3 scrolls of enchant armour {unknown}
 t - a scroll of noise {unknown}
 w - 2 scrolls of fog {unknown}
 y - a scroll of recharging {unknown}
 D - 2 scrolls of random uselessness {unknown}
 F - 5 scrolls of fear {unknown}
 W - a scroll of identify
Potions
 j - 5 potions of curing
 s - 3 potions of magic
 u - a potion of cancellation
 z - a potion of flight
 A - a potion of cure mutation
 C - a potion of mutation
 E - a potion of brilliance
 H - 2 potions of haste
 R - a potion of agility
Comestibles
 f - 9 bread rations
 i - 28 fruits
 n - a slice of pizza
 B - 5 meat rations
 N - 2 beef jerkies


   Skills:
 + Level 6.2(11.2) Fighting
 * Level 18.3(23.3) Long Blades
 + Level 5.6(10.6) Armour
 * Level 4.9(9.9) Dodging
 - Level 2.6(7.6) Shields


You had 7 spell levels left.
You knew the following spells:

 Your Spells              Type           Power        Failure   Level  Hunger
a - Regeneration          Chrm/Necr      #.........   100%        3    ####...


Dungeon Overview and Level Annotations

Branches:
Dungeon (12/15)            Temple (1/1) D:6            Lair (0/8) D:10
    Orc: D:9-12

Altars:
Cheibriados
Dithmenos
Elyvilon
Fedhas
Gozag
Kikubaaqudgha
Nemelex Xobeh
Okawaru
Qazlal
Ru
Sif Muna
Trog
Vehumet
Xom
Yredelemnul
Zin
The Shining One

Shops:
D:6 *   D:9 ((:   D:10 *

Annotations:
D:9 exclusion: ice statue


Innate Abilities, Weirdness & Mutations

You have a pair of small horns on your head.
You are partially covered in rough black scales (AC +4, Dex -1).
You are partially covered in thin metallic scales (AC +2).
You are resistant to electric shocks.
Potions and wands are less effective at restoring your health.
Your spells are a little easier to cast, but a little less powerful.


Message History

You are covered in liquid flames!
The smoke demon gestures at you. You block the sticky flame.
You slice the smoke demon!! Your headbutt misses the smoke demon.
The smoke demon is almost dead.
You are covered in liquid flames!
* * * LOW HITPOINT WARNING * * *
The smoke demon gestures at you. The ball of steam hits you!
* * * LOW HITPOINT WARNING * * *
Unknown command.
Unknown command.
Drink which item? (? for menu, Esc to quit)
You feel better.
You are engulfed in a cloud of scalding steam.
* * * LOW HITPOINT WARNING * * *
You are covered in liquid flames!
The smoke demon gestures at you. Something smites you!
You die...

. . ... .. .. . .
#. .. .. #
.......# . .. ...
..#. . ....#... .
..#. ..# ....#
.## . ....
########## .
.##.#..
#......#....# ..
♣.. #.####@#####
#. ≈.
#..3..........≈[♣
#.#.#####'### ≈.#
#.#.. # # .. #
#.# #... .# ##
###. . ....#
.........# #....
. b. # # .b.b...
..#


You could see a smoke demon.

Vanquished Creatures
  2 hill giants
  A manticore (D:11)
  A cyclops (D:12)
  The ghost of ThereIsNoGod the Covert, a novice OpAs (D:5)
  A centaur zombie (D:10)
  A smoke demon (Abyss:1)
  3 gargoyles
  A komodo dragon (D:12)
  A troll (D:10)
  Prince Ribbit (D:7)
  A wyvern (D:11)
  9 yaks
  3 hungry ghosts
  3 vampire mosquitoes (D:10)
  3 wargs (D:10)
  A water moccasin (D:9)
  An ice beast (D:11)
  3 orc warriors
  2 sky beasts
  2 necrophages
  2 black bears
  3 phantoms
  2 ogres
  7 centaurs
  4 big kobolds (D:8)
  6 giant frogs
  A wyvern zombie (D:9)
  A wyvern skeleton (D:11)
  A scorpion (D:11)
  19 killer bees
  8 wights
  7 howler monkeys
  2 crimson imps (D:8)
  3 jellies
  7 orc priests
  A centaur skeleton (D:5)
  5 hounds
  4 giant frog skeletons
  A gnoll shaman (D:6)
  Jessica (D:2)
  3 iguanas
  23 orc wizards
  6 worker ants
  A hound skeleton (D:11)
  A worker ant zombie (D:10)
  Robin (D:1)
  9 gnolls
  A howler monkey skeleton (D:5)
  13 adders
  A shadow imp (D:6)
  3 oozes
  An adder zombie (D:6)
  3 worms
  2 dart slugs
  7 giant geckos
  31 orcs
  2 ball pythons
  10 bats
  6 giant cockroaches
  13 goblins
  11 hobgoblins
  2 jackals (D:4)
  2 quokkas
  2 giant gecko skeletons
  16 giant newts
  A jackal zombie (D:5)
  9 kobolds
  A quokka skeleton (D:4)
  6 rats
  A spectral orc (D:5)
314 creatures vanquished.

Vanquished Creatures (others)
  2 kobolds (D:8)
2 creatures vanquished.

Grand Total: 316 creatures vanquished

Notes
Turn   | Place    | Note
--------------------------------------------------------------
     0 | D:1      | Moloch the High Elf Fighter began the quest for the Orb.
     0 | D:1      | Reached XP level 1. HP: 16/16 MP: 2/2
   122 | D:1      | Reached skill level 3 in Long Blades
   270 | D:1      | Reached XP level 2. HP: 21/21 MP: 3/3
   373 | D:1      | Reached skill level 4 in Long Blades
   810 | D:1      | Reached XP level 3. HP: 17/26 MP: 4/4
  1250 | D:2      | Reached skill level 5 in Long Blades
  1278 | D:2      | Reached XP level 4. HP: 31/31 MP: 5/5
  1367 | D:2      | Noticed Jessica
  1368 | D:2      | Noticed Robin
  1504 | D:1      | Killed Robin
  1689 | D:2      | Killed Jessica
  1689 | D:2      | Reached skill level 6 in Long Blades
  1910 | D:1      | Reached XP level 5. HP: 36/36 MP: 6/6
  2501 | D:3      | Reached skill level 7 in Long Blades
  2791 | D:3      | Reached XP level 6. HP: 26/42 MP: 7/7
  3362 | D:4      | Reached skill level 8 in Long Blades
  3651 | D:4      | Reached skill level 9 in Long Blades
  3752 | D:4      | Found a sparkling altar of Nemelex Xobeh.
  3805 | D:4      | Reached XP level 7. HP: 32/46 MP: 8/8
  3881 | D:4      | You fall through a shaft for 2 floors!
  3923 | D:6      | Found a snail-covered altar of Cheibriados.
  3956 | D:5      | Entered Level 5 of the Dungeon
  3956 | D:5      | Found a radiant altar of Vehumet.
  3956 | D:5      | Found a white marble altar of Elyvilon.
  3956 | D:5      | Found an opulent altar of Gozag.
  4194 | D:5      | Found a basalt altar of Yredelemnul.
  4259 | D:5      | Gained mutation: Potions and wands are less effective at restoring your health. [mutagenic meat]
  4260 | D:5      | Gained mutation: You have a pair of small horns on your head. [mutagenic meat]
  4261 | D:5      | Gained mutation: You are partially covered in rough black scales (AC +4, Dex -1). [mutagenic meat]
  4262 | D:5      | Gained mutation: You are partially covered in thin metallic scales (AC +2). [mutagenic meat]
  4263 | D:5      | Gained mutation: Your spells are a little easier to cast, but a little less powerful. [mutagenic meat]
  4264 | D:5      | Gained mutation: You are resistant to electric shocks. [mutagenic meat]
  4273 | D:5      | Reached skill level 10 in Long Blades
  4421 | D:5      | Noticed ThereIsNoGod's ghost (novice OpAs)
  4774 | D:5      | Killed ThereIsNoGod's ghost
  4774 | D:5      | Reached skill level 11 in Long Blades
  4774 | D:5      | Reached XP level 8. HP: 52/52 MP: 9/9
  4960 | D:5      | Found a glowing silver altar of Zin.
  5101 | D:5      | Reached skill level 12 in Long Blades
  5187 | D:6      | Found a deep blue altar of Sif Muna.
  5247 | D:6      | Found a shadowy altar of Dithmenos.
  5320 | D:6      | Found a staircase to the Ecumenical Temple.
  5345 | Temple   | Entered the Ecumenical Temple
  5357 | Temple   | Became a worshipper of Warmaster Okawaru
  5507 | D:6      | Found Avvaaff's General Store.
  5746 | D:7      | Reached skill level 13 in Long Blades
  5926 | D:7      | Found a deep blue altar of Sif Muna.
  6158 | D:7      | Reached * piety under Okawaru
  6158 | D:7      | Reached XP level 9. HP: 46/56 MP: 10/10
  6337 | D:7      | Noticed Prince Ribbit
  6344 | D:7      | Killed Prince Ribbit
  6344 | D:7      | Reached skill level 14 in Long Blades
  7236 | D:7      | Reached skill level 15 in Long Blades
  7382 | D:7      | Reached ** piety under Okawaru
  8085 | D:8      | Reached XP level 10. HP: 63/63 MP: 11/11
  8494 | D:8      | Reached skill level 16 in Long Blades
  8526 | D:8      | Found a blossoming altar of Fedhas.
  8995 | D:9      | Found Cizoji Varee's Weapon Shoppe.
  9017 | D:9      | Reached skill level 1 in Dodging
  9028 | D:9      | Found Ynaija Xefi's Book Shoppe.
  9082 | D:9      | Reached *** piety under Okawaru
  9343 | D:9      | Found Tadaziemm's Weapon Boutique.
  9518 | D:9      | Found a sparkling altar of Nemelex Xobeh.
  9519 | D:9      | Found a shadowy altar of Dithmenos.
  9739 | D:9      | Noticed an ice statue
 10004 | D:10     | Entered Level 10 of the Dungeon
 10351 | D:10     | Reached **** piety under Okawaru
 10515 | D:10     | Reached skill level 17 in Long Blades
 10602 | D:10     | Reached skill level 5 in Fighting
 10685 | D:10     | Found a staircase to the Lair.
 11045 | D:10     | Found Ynotaop's General Store.
 11054 | D:10     | Learned a level 3 spell: Regeneration
 11060 | D:10     | Noticed a hill giant
 11075 | D:10     | Killed a hill giant
 11075 | D:10     | Reached XP level 11. HP: 45/72 MP: 9/12
 12344 | D:11     | Reached skill level 5 in Armour
 12874 | D:11     | Reached skill level 18 in Long Blades
 12889 | D:11     | Reached ***** piety under Okawaru
 13362 | D:12     | Noticed a hill giant
 13439 | D:12     | Killed a hill giant
 13708 | D:12     | Noticed a deep elf mage
 13942 | D:12     | Cast into level 1 of the Abyss (big kobold)
 13965 | Abyss:1  | Noticed a statue
 13966 | Abyss:1  | Noticed a deep elf mage
 13966 | Abyss:1  | Noticed a deep elf mage
 13989 | Abyss:1  | Killed from afar by a smoke demon

Skill      XL: |  1  2  3  4  5  6  7  8  9 10 11 |
---------------+----------------------------------+-----
Long Blades    | 3 4 5 6 7 9 11 13 15 17 18 | 18.3
Fighting       | 4 5 6 |  6.2
Armour         | 4 5 |  5.6
Dodging        | 3 4 |  4.9
Shields        | |  2.6

Action                   |  1- 3 |  4- 6 |  7- 9 | 10-12 || total
-------------------------+-------+-------+-------+-------++-------
Melee: Long sword        |   137 |   279 |   492 |   690 ||  1598
       Dagger            |       |    58 |       |       ||    58
       Headbutt          |       |       |    72 |   151 ||   223
Throw: Tomahawk          |       |       |       |     5 ||     5
Invok: Heroism           |       |       |     3 |     9 ||    12
Evoke: Wand              |       |       |     3 |     5 ||     8
  Use: Scroll            |       |     5 |     5 |     6 ||    16
       Potion            |       |       |     3 |     4 ||     7
 Stab: Invisible         |       |       |     5 |       ||     5
       Paralysed         |       |       |       |    10 ||    10
  Eat: Chunk             |     1 |     9 |    22 |    24 ||    56
       Pizza             |       |       |     1 |       ||     1
Armor: Scale mail        |    50 |       |       |       ||    50
       Chain mail        |     9 |    99 |       |       ||   108
       Plate armour      |       |   126 |   274 |   353 ||   753
       Skin              |       |       |     6 |       ||     6
Dodge: Dodged            |    27 |    43 |    41 |   113 ||   224
Block: Shield            |    72 |   158 |   209 |   280 ||   719
